 Dungeon Crawl Stone Soup version 0.27.1-34-g3ba077fa99 (webtiles) character file.

Game seed: 15104332882952395237

17 Arum the Digger (level 2, 0/19 HPs)
             Began as a Formicid Earth Elementalist on Jan 8, 2022.
             Slain by a goblin (4 damage)
             ... on level 1 of the Dungeon.
             The game lasted 00:00:53 (641 turns).

Arum the Digger (Formicid Earth Elementalist)        Turns: 641, Time: 00:00:53

Health: 0/19       AC:  2    Str: 12    XL:     2   Next: 80%
Magic:  5/5        EV: 12    Int: 14    God:
Gold:   12         SH:  0    Dex: 11    Spells: 5/6 levels left

rFire    . . .     SeeInvis +   a - +0 dagger (venom)
rCold    . . .     Faith    .   (no shield)
rNeg     . . .     Spirit   .   b - +0 robe
rPois    .         Reflect  .   (helmet unavailable)
rElec    .         Harm     .   (no cloak)
rCorr    .         Rampage  .   (no gloves)
Will     .....                  (no boots)
Stlth    ++........             (no amulet)
HPRegen  0.06/turn              (no ring)
MPRegen  0.09/turn              (no ring)

@: no status effects
A: permanent stasis, dig shafts and tunnels, antennae 3, four strong arms
a: Dig, Shaft Self


You were on level 1 of the Dungeon.
You visited 1 branch of the dungeon, and saw 1 of its levels.

You collected 12 gold pieces.

Inventory:

Hand Weapons
 a - a +0 dagger of venom (weapon)
 e - a +2 short sword of holy wrath
Missiles
 c - 23 stones
Armour
 b - a +0 robe (worn)
Potions
 d - a potion of flight {unknown}


   Skills:
 + Level 2.0 Dodging
 - Level 2.4 Stealth
 * Level 2.6 Spellcasting
 - Level 1.1 Transmutations
 * Level 4.1 Earth Magic


You had 5 spell levels left.
You knew the following spells:

 Your Spells              Type           Power      Damage    Failure   Level
a - Sandblast             Erth           26%        2d8       4%          1

Your spell library contained the following spells:

 Spells                   Type           Power      Damage    Failure   Level
 Passwall                 Tmut/Erth      7%         N/A       12%         2
 Stone Arrow              Conj/Erth      14%        3d7       28%         3
 Petrify                  Tmut/Erth      9%         N/A       58%         4


Dungeon Overview and Level Annotations

Branches:
Dungeon (1/15)

Altars:


Innate Abilities, Weirdness & Mutations

You cannot be hasted, slowed, berserked, paralysed or teleported.
You can dig through walls and to a lower floor.
You have a pair of large antennae on your head. (SInv)
Your four strong arms can wield two-handed weapons with a shield.


Message History

A hobgoblin comes into view.
A hobgoblin is nearby!
You hit the hobgoblin.
The hobgoblin is poisoned.
The hobgoblin is heavily wounded.
You barely miss the hobgoblin.
The hobgoblin is almost dead.
You kill the hobgoblin!
No target in view!
A kobold comes into view. It is wielding a +0 short sword.
Found 20 stones.
A kobold is nearby!
A quokka and a goblin come into view.
Found a scroll labelled KIQIEM HATZETOEPTA.
The goblin shouts!
You hit the quokka.
The quokka is poisoned.
The quokka is heavily wounded.
The quokka bites you.
You barely miss the quokka.
The quokka is heavily wounded.
The quokka bites you but does no damage.
You barely miss the quokka.
The quokka is heavily wounded.
The quokka closely misses you.
The kobold hits you with a +0 short sword.
The quokka barely misses you.
You hit the quokka but do no damage.
The quokka looks as sick as possible!
The quokka is heavily wounded.
You kill the quokka!
The kobold hits you with a +0 short sword.
You closely miss the goblin. The goblin closely misses you.
The kobold hits you with a +0 short sword.
You are too injured to fight recklessly!
You are too injured to fight recklessly!
You are too injured to fight recklessly!
You are too injured to fight recklessly!
You hit the kobold but do no damage. The goblin barely misses you.
The kobold hits you with a +0 short sword.
* * * LOW HITPOINT WARNING * * *
You miss the goblin. The goblin hits you with a +0 club.
You die...

.###### #............
....... #............
####### #?...........
#... #.(.......... #.##
#............# #.#
#............# ###.##
#...gK.......# #.....
#....@.......# ##....≈
#............# #...≈≈#
#............###.≈≈.≈≈
##............##.≈#≈##≈
#.....†.......†..≈#≈≈.≈
#...............≈≈≈....
#...######.......+.≈≈..
#...# #......≈+.≈≈._
#...# #.......+.....


You could see a goblin and a kobold.

Vanquished Creatures
  A dart slug (D:1)
  2 ball pythons (D:1)
  A bat (D:1)
  An endoplasm (D:1)
  A giant cockroach (D:1)
  A goblin (D:1)
  A hobgoblin (D:1)
  A quokka (D:1)
  A frilled lizard (D:1)
  2 kobolds (D:1)
  A rat (D:1)
  A spectral hobgoblin (D:1)
14 creatures vanquished.

Notes
Turn   | Place    | Note
-------+----------+-------------------------------------------
     0 | D:1      | Arum the Formicid Earth Elementalist began the quest for
                  | the Orb.
     0 | D:1      | Reached XP level 1. HP: 13/13 MP: 3/3
   123 | D:1      | Reached XP level 2. HP: 19/19 MP: 0/5
   330 | D:1      | Reached skill level 4 in Earth Magic
   433 | D:1      | Found a faded altar of an unknown god.
   641 | D:1      | Slain by a goblin

Illustrated notes

Levels and vault maps discovered:
D:1:      dpeg_arrival_castle, layout_basic,
          dreamdust_ecumenical_altar_drowned_temple

Skill      XL: |  1  2 |
---------------+-------+-----
Earth Magic    | 4 |  4.1
Dodging        | 2 |  2.0
Stealth        | |  2.4
Spellcasting   | |  2.6
Transmutations | |  1.1

Action                   || total
-------------------------++-------
Melee: Dagger            ||    24
       Unarmed           ||     4
 Cast: Sandblast         ||     8
  Use: Potion            ||     1
Armor: Robe              ||     4
Dodge: Dodged            ||    15
